 Dungeon Crawl Stone Soup version 0.31.0-11-ge490571c62 (webtiles) character file.

Game seed: 15038328083366912908

577 dialectric the Cudgeller (level 7, 0/44 HPs)
             Began as a Gargoyle Fighter on Jan 28, 2024.
             Was a Follower of Yredelemnul.
             Killed by divine providence
             ... invoked by an orc priest
              (13 damage)
             ... on level 5 of the Dungeon.
             The game lasted 00:04:17 (3180 turns).

dialectric the Cudgeller (Gargoyle Fighter)         Turns: 3180, Time: 00:04:18

Health: 0/44       AC: 17    Str: 26    XL:     7   Next: 35%
Magic:  7/7        EV: 10    Int:  8    God:    Yredelemnul [*.....]
Gold:   223        SH:  0    Dex: 11    Spells: 6/6 levels left

rFire   . . .        a - +0 flail
rCold   . . .        (no shield)
rNeg    + . .        b - +0 scale mail
rPois   ∞            n - +2 helmet
rElec   +            j - +0 cloak
rCorr   .            p - +0 pair of gloves
SInv    .            (no boots)
Will    .....        (no amulet) Stlth
                     e - +6 ring of strength
HPRegen 0.27/turn    (no ring)
MPRegen 0.10/turn

%: no passive effects
@: studying Staves
A: sickness immunity, AC +4, negative energy resistance 1, electricity
resistance, torment resistance 1, petrification resistance
a: Renounce Religion, Recall Undead Harvest


You were on level 5 of the Dungeon.
You worshipped Yredelemnul.
Yredelemnul was noncommittal.
You visited 1 branch of the dungeon, and saw 5 of its levels.

You collected 223 gold pieces.

Inventory:

Hand Weapons
 a - a +0 flail (weapon)
Missiles
 i - 5 poisoned darts (quivered)
Armour
 b - a +0 scale mail (worn)
 c - a +0 buckler
 j - a +0 cloak (worn)
 n - a +2 helmet (worn)
 p - a +0 pair of gloves (worn)
Jewellery
 e - a +6 ring of strength (left hand)
 q - a ring of magical power
Scrolls
 g - a scroll of amnesia {unknown}
 h - 5 scrolls of identify {unknown}
 l - 3 scrolls of noise {unknown}
 m - a scroll of fear {unknown}
 o - 3 scrolls of vulnerability {unknown}
 r - 2 scrolls of immolation {unknown}
 u - a scroll of teleportation {unknown}
Potions
 d - a potion of might
 f - 3 potions of enlightenment {unknown}
 k - a potion of curing {unknown}
 s - a potion of cancellation {unknown}
 t - 2 potions of haste {unknown}
 v - a potion of heal wounds {unknown}


   Skills:
 + Level 4.9 Fighting
 + Level 5.7 Maces & Flails
 + Level 4.8 Armour
 - Level 2.0 Dodging
 - Level 3.2 Shields


You had 6 spell levels left.
You didn't know any spells.
Your spell library contained the following spells:

 Spells                   Type           Power      Damage    Failure   Level
 Foxfire                  Conj/Fire      0%         2x1d4     67%         1
 Necrotise                Necr           0%         1d4       67%         1
 Vampiric Draining        Necr           0%         2d6       96%         3
 Martyr's Knell           Necr/Summ      0%         N/A       100%        4
 Curse of Agony           Necr           0%         N/A       100%        5
 Plasma Beam              Fire/Air       0%         2x1d10    100%        6
 Starburst                Conj/Fire      0%         6d3       100%        6


Dungeon Overview and Level Annotations

Branches:
Dungeon (5/15)
 Temple: D:4-7

Altars:
Dithmenos
Hepliaklqana
Kikubaaqudgha
Yredelemnul
Zin

Annotations:
D:5 1 runed translucent door, Curundu's ghost, amateur MiBe


Innate Abilities, Weirdness & Mutations

You are immune to sickness and miasma.
Your stone body is resilient. (AC +4)
You are immune to poison.
You resist negative energy. (rN+)
You are resistant to electric shocks. (rElec)
You are resistant to unholy torment.
You are immune to petrification.


Message History

You now have 223 gold pieces (gained 16).
An orc and an orc priest come into view.
The orc priest shouts!
The orc priest moves out of view.
An orc wizard comes into view. It is wielding a +0 dagger.
The orc wizard shouts!
There are monsters nearby!
There are monsters nearby!
There are monsters nearby!
The orc priest mumbles some strange prayers to Beogh against you.
Beogh smites you!
You hear a shout! x2
You closely miss the orc. The orc misses you.
The orc hits your adder zombie with a +0 hand axe.
An orc comes into view. It is wielding a +0 whip.
Your adder zombie bites the orc.
The orc wizard hits you but does no damage.
The orc hits you with a +0 hand axe.
The orc hits your scorpion zombie but does no damage.
The orc hits your adder zombie with a +0 hand axe.
You barely miss the orc wizard.
Your adder zombie bites the orc.
Your scorpion zombie hits the orc.
The orc dies!
The orc wizard hits you but does no damage.
You closely miss the orc wizard.
The orc priest calls down the wrath of Beogh upon you.
Beogh smites you!
The orc wizard hits you but does no damage.
Your adder zombie bites the orc wizard.
You are too injured to fight recklessly!
Unknown command.
You closely miss the orc wizard.
The orc wizard is lightly wounded.
Your scorpion zombie closely misses the orc wizard.
The orc wizard hits you with a +0 dagger.
* * * LOW HITPOINT WARNING * * *
The orc priest mumbles some strange prayers to Beogh against you.
Beogh smites you!
You die...
Your body becomes fuel for the black torch.

#.# #.... #.######..##.#
#.Z.Z..#..##.####
#Z####..........# #Z#
#ZZ...#.##.# #.#
#Z###.#.##.# ###### #Z# #Z#
#.#.##.## ...... #Z#
#.###Z#.#ZZo##.# ###### #Z#
#ZZZ..#.Z.@o...# #.##
#####..Z#.Zo#### #########
#Z.# #...#....# ##..))))..
##Z# #.....#.#.##
##...###### #Z#
#..#.#..##..# #.....### #
#Z# ...#...#.....#
#.........# #Z#
#...........#.###.....#####
#Z##....#...#.....##.....##
# #.##.##
.#.#..##...#...<.### #


You could see an orc priest, an orc wizard (ally target), an orc, a friendly
adder zombie, a friendly scorpion zombie, 2 friendly gnoll zombies and a
friendly orc zombie.

Vanquished Creatures
  An ogre (D:5)
  A phantom (D:5)
  A scorpion (D:5)
  A gnoll bouda (D:5)
  3 iguanas
  An orc wizard (D:4)
  Robin (D:2)
  4 gnolls (D:5)
  5 adders
  2 ufetubi (D:5)
  2 ribbon worms
  3 dart slugs
  4 orcs
  7 ball pythons
  4 bats
  7 endoplasms
  9 giant cockroaches
  6 hobgoblins
  2 kobolds (D:1)
  3 frilled lizards
  12 goblins
  2 rats (D:1)
81 creatures vanquished.

Vanquished Creatures (collateral kills)
  2 adders
  A dart slug (D:4)
  3 orcs
  4 goblins
  A quokka (D:3)
  A rat (D:3)
12 creatures vanquished.

Vanquished Creatures (others)
  A bat zombie (D:2)
  An endoplasm zombie (D:4)
  A goblin zombie (D:2)
  2 hobgoblin zombies
  An orc zombie (D:4)
6 creatures vanquished.

Grand Total: 99 creatures vanquished

Notes
Turn   | Place    | Note
-------+----------+-------------------------------------------
     0 | D:1      | dialectric the Gargoyle Fighter began the quest for the
                  | Orb.
     0 | D:1      | Reached XP level 1. HP: 14/14 MP: 1/1
   368 | D:1      | Reached XP level 2. HP: 11/19 MP: 2/2
   449 | D:1      | Found a faded altar of an unknown god.
   471 | D:1      | Prayed at the altar of an unknown god.
   471 | D:1      | Became a worshipper of Yredelemnul the Dark
   471 | D:1      | Reached * piety under Yredelemnul
   948 | D:2      | Noticed Robin
   958 | D:2      | Reached XP level 3. HP: 13/23 MP: 3/3
   992 | D:2      | Killed Robin
   993 | D:2      | Reached skill level 1 in Dodging
  1123 | D:2      | Reached XP level 4. HP: 27/29 MP: 4/4
  1317 | D:2      | Reached skill level 3 in Maces & Flails
  1797 | D:3      | Reached ** piety under Yredelemnul
  1927 | D:3      | Found a hazy altar of Hepliaklqana.
  1927 | D:3      | Found a glowing silver altar of Zin.
  1927 | D:3      | Found an ancient bone altar of Kikubaaqudgha.
  2263 | D:4      | Reached XP level 5. HP: 29/33 MP: 5/5
  2367 | D:4      | Found a shadowy altar of Dithmenos.
  2494 | D:4      | Reached skill level 4 in Maces & Flails
  2673 | D:4      | Reached XP level 6. HP: 28/38 MP: 6/6
  2793 | D:5      | Entered Level 5 of the Dungeon
  2896 | D:5      | Reached skill level 5 in Maces & Flails
  2896 | D:5      | Reached XP level 7. HP: 24/44 MP: 7/7
  3025 | D:5      | Found a runed translucent door.
  3027 | D:5      | Noticed Curundu's ghost (amateur MiBe)
  3180 | D:5      | Killed from afar by an orc priest

Illustrated notes

Levels and vault maps discovered:
D:1:      lemuel_arrival_rhombus, layout_basic, ebering_ecumenical_altar_box,
          minmay_misc_feat_alley
D:2:      layout_basic, corexii_leaking_fountain, st_stairs_7, uniq_robin
D:3:      layout_basic, gammafunk_temple_overflow_claw, minmay_cut_off
D:4:      minmay_door_path, layout_rooms, nicolae_dithmenos_the_darkroom,
          nrook_loot_triangle
D:5:      layout_loops_ring, gammafunk_ghost_grave,
          serial_library_hellmonk_open_cross, st_stairs_14,
          roderic_serpentine_path, minmay_misc_feat_tower

Skill      XL: |  1  2  3  4  5  6 |
---------------+-------------------+-----
Dodging        | 1 2 |  2.0
Maces & Flails | 3 4 5 |  5.7
Armour         | 4 |  4.8
Fighting       | 4 |  4.9
Shields        | |  3.2

Action                     |  1- 3 |  4- 6 |  7- 9 || total
---------------------------+-------+-------+-------++-------
  Melee: Flail             |   105 |   158 |    45 ||   308
         Punch             |     2 |       |       ||     2
 Armour: Scale mail        |    82 |   125 |    38 ||   245
  Dodge: Dodged            |    64 |    98 |    26 ||   188
